 Dungeon Crawl Stone Soup version 0.26-a0-491-g70697cc071 (webtiles) character file.

Game seed: 585723198532394718

28 MrRokkomies the Slasher (level 3, -2/26 HPs)
             Began as an Octopode Chaos Knight on Aug 5, 2020.
             Was a Plaything of Xom.
             Slain by a white imp (5 damage)
             ... summoned by Xom
             ... on level 1 of the Dungeon.
             The game lasted 00:01:33 (3798 turns).

MrRokkomies the Slasher (Octopode Chaos Knight)     Turns: 3798, Time: 00:01:34

Health: -2/26      AC:  1    Str: 10 (11) XL:     3   Next: 12%
Magic:  3/3        EV: 13    Int: 14 (15) God:    Xom [*.....]
Gold:   39         SH:  0    Dex:  8 (11) Spells: 2/2 levels left

rFire    . . .     SeeInvis +   a - +0 falchion (chaos)
rCold    . . .     Faith    .   (no shield)
rNeg     . . .     Spirit   .   (helmet restricted)
rPois    .         Reflect  .   (no amulet)
rElec    .         Harm     .   (no ring)
rCorr    .                      (no ring)
MR       .....                  (no ring)
Stlth    ++........             (no ring)
HPRegen  0.08/turn              (no ring)
MPRegen  0.08/turn              (no ring)
                                (no ring)
                                (no ring)

@: no status effects
A: almost no armour, stealthy swim, amphibious, 8 rings, constrict 8, camouflage
1, see invisible, deterioration 1, gelatinous body 1
a: Renounce Religion


You were on level 1 of the Dungeon.
You worshipped Xom.
You were a special plaything of Xom.
You visited 1 branch of the dungeon, and saw 1 of its levels.

You collected 39 gold pieces.

Inventory:

Hand Weapons
 a - a +0 falchion of chaos (weapon)
 b - a +0 hunting sling
Missiles
 f - 31 stones (quivered)
Scrolls
 d - a scroll of enchant armour {unknown}
 e - a scroll of amnesia {unknown}
 h - a scroll of teleportation {unknown}
 j - a scroll of identify {unknown}
Potions
 c - a potion of curing {unknown}
 g - a potion of ambrosia {unknown}
 i - a potion of lignification {unknown}


   Skills:
 + Level 3.2 Fighting
 * Level 3.4 Long Blades
 * Level 2.9 Dodging
 + Level 1.3 Stealth


You had 2 spell levels left.
You didn't know any spells.
Your spell library was empty.

Dungeon Overview and Level Annotations

Branches:
Dungeon (1/15)

Altars:


Innate Abilities, Weirdness & Mutations

You cannot wear most types of armour.
You are very stealthy in the water. (Stealth+)
You are amphibious.
You can wear up to eight rings at the same time.
You can use your tentacles to constrict eight enemies at once.
Your skin changes colour to match your surroundings (Stealth+).
Your rubbery body absorbs attacks. (AC +1, EV +1)
You have supernaturally acute eyesight. (SInv)
Your body sometimes deteriorates upon taking damage.


Message History

The quasit claws you. x2
You barely miss the quasit. Your grab misses the quasit.
Your squeeze misses the quasit. The quasit bites you.
Your body deteriorates!
You feel dopey. The quasit claws you.
You feel clumsy. The quasit claws you. The white imp hits you.
The white imp freezes you.
* * * LOW HITPOINT WARNING * * *
Your body deteriorates!
You feel weakened.
You hit the quasit. You grab the quasit. You squeeze the quasit!
The quasit is almost dead.
You constrict the quasit, but do no damage.
The quasit misses you.
You riposte.
You hit the quasit but do no damage.
You lose your grip on the crimson imp.
The quasit evaporates and reforms as a crimson imp!
Xom is mildly amused.
Your grab misses the crimson imp. The white imp hits you.
* * * LOW HITPOINT WARNING * * *
The white imp freezes you.
You die...

##.......######.#
#########
#..##.### #.#
#...).[.# ##.##.#
#.###.#####.#
#..#.# #.....# #.#
### ##.#รท#
####### #.# #.#
#.#)# #.###
#.#####.#.#######
#....
##....##.#......5#
#####
......##.#.#####@#
#.....##.......#5#
#....8.#.#.#.#.#.#
#.....<#.#.###.#.#
##...8.#.#.....#.#
#....##.......#.#
##....##.......#.#
##....##...#####.#
##.#####..>......#


You could see a crimson imp (summoned) and a white imp (summoned).

Vanquished Creatures
  An ooze (D:1)
  2 dart slugs (D:1)
  2 goblins (D:1)
  4 hobgoblins (D:1)
  4 bats (D:1)
  4 frilled lizards (D:1)
  A kobold (D:1)
  5 rats (D:1)
23 creatures vanquished.

Notes
Turn   | Place    | Note
-------+----------+-------------------------------------------
     0 | D:1      | MrRokkomies the Octopode Chaos Knight began the quest for
                  | the Orb.
     0 | D:1      | Reached XP level 1. HP: 16/16 MP: 1/1
    12 | D:1      | XOM: smoke on damage
   126 | D:1      | Reached XP level 2. HP: 21/21 MP: 2/2
   213 | D:1      | XOM: silly message
   227 | D:1      | Reached skill level 1 in Stealth
   328 | D:1      | Reached XP level 3. HP: 22/26 MP: 3/3
   741 | D:1      | XOM: noise
   833 | D:1      | XOM: divination: detect creatures
  1159 | D:1      | XOM: divination: detect creatures
  1736 | D:1      | XOM: cloud trail
  1788 | D:1      | XOM: silly message
  2593 | D:1      | XOM: silly message
  3017 | D:1      | XOM: give mutations
  3017 | D:1      | Gained mutation: You have supernaturally acute eyesight.
                  | (SInv) [Xom's mischief]
  3017 | D:1      | Gained mutation: Your body sometimes deteriorates upon
                  | taking damage. [Xom's mischief]
  3017 | D:1      | Gained mutation: Your body often deteriorates upon taking
                  | damage. [Xom's mischief]
  3017 | D:1      | Lost mutation: Your body often deteriorates upon taking
                  | damage. [Xom's mischief]
  3204 | D:1      | XOM: god gift: 22 stones
  3614 | D:1      | XOM: scenery: summon butterflies
  3794 | D:1      | XOM: summons 2 hostile demons
  3798 | D:1      | Slain by a white imp

Illustrated notes

Levels and vault maps discovered:
D:1:      mrwooster_arrival_statue, layout_basic

Skill      XL: |  1  2 |
---------------+-------+-----
Stealth        | 1 |  1.3
Fighting       | |  3.2
Long Blades    | |  3.4
Dodging        | |  2.9

Action                   || total
-------------------------++-------
Melee: Falchion          ||    47
       Constrict         ||    10
       Tentacles         ||     4
 Stab: Sleeping          ||     9
Armor: Skin              ||     5
Dodge: Dodged            ||    36
       Rpst.: Falchion   ||     9

Table legend: (Time is in decaauts)
 A = Elapsed time spent in this place.
 B = Non-inter-level travel time spent in this place.
 C = Inter-level travel time spent in this place.
 D = Time resting spent in this place.
 E = Time spent auto-exploring this place.
 F = Levels seen in this place.
 G = Mean time per level.
                   A        B        C        D        E       F      G
               +--------+--------+--------+--------+--------+-----+--------+
         Total |   3803 |   3803 |      0 |   3268 |    376 |   1 | 3803.0 |
       Dungeon |   3803 |   3803 |      0 |   3268 |    376 |   1 | 3803.0 |
               +--------+--------+--------+--------+--------+-----+--------+

Top non-repeatable levels by time:
     D:1: 3803 daAuts
